 Dungeon Crawl Stone Soup version 0.30-a0-422-g946f4849ff (webtiles) character file.

Game seed: 13219628367091085081

707 flotson the Sneak (level 7, -2/49 HPs)
             Began as a Demonspawn Delver on Dec 8, 2022.
             Was a Priest of Hepliaklqana.
             Slain by a gnoll sergeant
             ... wielding a +0 spear of freezing
              (10 damage)
             ... on level 6 of the Dungeon.
             The game lasted 00:07:56 (3932 turns).

flotson the Sneak (Demonspawn Delver)               Turns: 3932, Time: 00:07:57

Health: -2/49      AC:  6    Str: 14    XL:     7   Next: 40%
Magic:  9/9        EV: 10    Int: 15    God:    Hepliaklqana [***...]
Gold:   92         SH:  0    Dex: 14    Spells: 6/6 levels left

rFire   . . .      SeeInvis +    a - +6 mace of a Billion Interlopers {venom, Contam rN+ Int+3 SInv}
rCold   . . .      Faith    .    (no shield)
rNeg    + + .      Spirit   .    f - +0 scale mail
rPois   .          Reflect  .    (helmet unavailable)
rElec   .          Harm     .    (no cloak)
rCorr   .          Rampage  .    (no gloves)
Will    .....                    (no boots)
Stlth   ++........               (no amulet)
HPRegen 0.28/turn                A - ring of positive energy
MPRegen 0.11/turn                (no ring)

@: no status effects
A: reduced essence, antennae 3, demonic guardian 1
a: Renounce Religion, Recall Ancestor, Ancestor Identity, Transference


You were on level 6 of the Dungeon.
You worshipped Hepliaklqana.
Hepliaklqana was most pleased with you.
You visited 2 branches of the dungeon, and saw 7 of its levels.

You collected 276 gold pieces.
You spent 184 gold pieces at shops.

Inventory:

Hand Weapons
 a - the +6 mace of a Billion Interlopers (weapon) {venom, Contam rN+ Int+3 SInv}
   (You bought it in a shop on level 5 of the Dungeon)

   It poisons the flesh of those it strikes.
   Int:       It affects your intelligence (+3).
   rN:        It protects you from negative energy.
   SInv:      It lets you see invisible.
   Contam:    It causes magical contamination when unequipped.
Missiles
 s - 5 poisoned darts (quivered)
 t - 3 silver javelins
Armour
 f - a +0 scale mail (worn)
Jewellery
 A - a ring of positive energy (left hand)
Wands
 g - a wand of digging (3)
 q - a wand of polymorph (6)
 r - a wand of flame (13)
Scrolls
 b - a scroll of blinking {unknown}
 c - a scroll of fog
 d - 3 scrolls of magic mapping
 e - 2 scrolls of fear
 i - 9 scrolls of identify {unknown}
 j - a scroll of torment {unknown}
 l - a scroll of brand weapon {unknown}
 m - a scroll of teleportation {unknown}
 n - a scroll of noise {unknown}
 x - 2 scrolls of enchant armour {unknown}
 y - a scroll of silence {unknown}
Potions
 h - 3 potions of curing {unknown}
 k - a potion of brilliance {unknown}
 o - a potion of might {unknown}
 p - 3 potions of degeneration {unknown}
 u - a potion of attraction {unknown}
 v - a potion of flight {unknown}
 w - a potion of mutation {unknown}
 z - a potion of haste


   Skills:
 + Level 4.3 Fighting
 - Level 1.7(1.9) Axes
 + Level 1.0(1.5) Maces & Flails
 + Level 2.1 Throwing
 + Level 2.5 Armour
 + Level 3.3 Dodging
 - Level 5.0 Stealth
 + Level 3.8 Invocations
 + Level 3.1 Evocations


You had 6 spell levels left.
You didn't know any spells.
Your spell library contained the following spells:

 Spells                   Type           Power      Damage    Failure   Level
 Foxfire                  Conj/Fire      0%         2x1d4     75%         1
 Magic Dart               Conj           0%         1d3       75%         1
 Summon Small Mammal      Summ           0%         N/A       75%         1
 Call Imp                 Summ           0%         N/A       86%         2
 Call Canine Familiar     Summ           0%         N/A       98%         3
 Ignite Poison            Fire/Tmut/Pois 0%         N/A       98%         3
 Kindle Blastsparks       Fire/Tloc/Air  0%         2d10      98%         3
 Mephitic Cloud           Conj/Pois/Air  0%         N/A       98%         3
 Ozocubu's Armour         Ice            0%         N/A       98%         3
 Summon Guardian Golem    Hex/Summ       0%         N/A       98%         3
 Fulminant Prism          Conj/Hex       0%         3d5       100%        4
 Iskenderun's Mystic Bla  Conj/Tloc      0%         2d3       100%        4
 Sticky Flame             Conj/Fire      0%         2d3       100%        4
 Fireball                 Conj/Fire      0%         3d3       100%        5
 Lee's Rapid Deconstruct  Erth           0%         3d4*      100%        5
 Metabolic Englaciation   Hex/Ice        0%         N/A       100%        5
 Simulacrum               Ice/Necr       0%         N/A       100%        6
 Starburst                Conj/Fire      0%         6d3       100%        6
 Ignition                 Fire           0%         3d3       100%        8


Dungeon Overview and Level Annotations

Branches:
Dungeon (6/15)             Temple (1/1) D:4

Altars:
Ashenzari
Dithmenos
Gozag
Hepliaklqana
Kikubaaqudgha
Makhleb
Nemelex Xobeh
Okawaru
Qazlal
Ru
Trog
Wu Jian
Xom

Shops:
D:2 =   D:5 (


Innate Abilities, Weirdness & Mutations

Your life essence is reduced to manifest your ancestor. (-10% HP)
You have a pair of large antennae on your head. (SInv)
A weak demonic guardian rushes to your aid.


Message History

You start resting.
HP restored.
You climb downwards.
The gnoll sergeant hits you from afar with a +0 spear of freezing.
The gnoll sergeant freezes you.
The gnoll sergeant hits you from afar with a +0 spear of freezing!
The gnoll sergeant freezes you.
There is a stone staircase leading up, spattered with blood here.
The centaur wields a +0 shortbow.
The centaur shoots an arrow.
The arrow hits you! The gnoll sergeant barely misses you.
You closely miss the gnoll sergeant.
The gnoll sergeant is severely wounded.
The centaur shoots an arrow.
The arrow closely misses you.
The gnoll sergeant hits you with a +0 spear of freezing.
The gnoll sergeant freezes you.
You are too injured to fight recklessly!
You are too injured to fight recklessly!
You are too injured to fight recklessly!
You are too injured to fight recklessly!
You are too injured to fight recklessly!
You are too injured to fight recklessly!
You are too injured to fight recklessly!
You are too injured to fight recklessly!
Unknown command.
You swap places.
The centaur shoots an arrow.
The arrow misses Cipactli.
The arrow hits you but does no damage. The gnoll sergeant barely misses you.
Cipactli hits the gnoll sergeant with a +0 quarterstaff.
The centaur shoots an arrow.
The arrow barely misses Cipactli.
The arrow closely misses you.
There is a stone staircase leading up, spattered with blood here.
The centaur shoots an arrow.
The arrow hits Cipactli!
The gnoll sergeant hits you from afar with a +0 spear of freezing!
* * * LOW HITPOINT WARNING * * *
The gnoll sergeant freezes you.
* * * LOW HITPOINT WARNING * * *
A demonic guardian appears!
Cipactli closely misses the gnoll sergeant.
The centaur shoots an arrow.
The arrow hits Cipactli.
The gnoll sergeant hits you from afar with a +0 spear of freezing!
You die...

#.# #..g... #.# #..S.
####.####### #{{#
#†......c..####g.#...
#.##.##....{{gg....#
# #.##g##.####..###
#gcg{##{# #.....
#R##.##.# #######
#>##@##.##.#
#...5......#
############


You could see the friendly Cipactli the battlemage, a gnoll sergeant (ally
target), a centaur and a friendly ufetubus (summoned).

Vanquished Creatures
  A jelly (D:4)
  An iguana (D:5)
  An orc wizard (D:4)
  3 adders
  2 gnolls
  An ufetubus (D:4)
  A dart slug (D:1)
  5 orcs
  9 ball pythons
  7 endoplasms
  2 giant cockroaches (D:2)
  5 goblins
  3 hobgoblins
  7 jackals
  4 quokkas
  2 bats (D:1)
  3 frilled lizards
  11 kobolds
  4 rats (D:1)
72 creatures vanquished.

Vanquished Creatures (collateral kills)
  A black bear (D:4)
  An ogre (D:4)
  A necrophage (D:5)
  An orc priest (D:5)
  A hound (D:4)
  2 iguanas
  4 adders
  5 gnolls
  A white imp (D:5)
  2 ufetubi
  A dart slug (D:1)
  4 orcs
  4 ball pythons
  A bat (D:3)
  An endoplasm (D:4)
  2 giant cockroaches
  A goblin (D:1)
  2 hobgoblins (D:4)
  5 kobolds
  4 rats
44 creatures vanquished.

Vanquished Creatures (others)
  A battlemage (D:6)
1 creature vanquished.

Grand Total: 117 creatures vanquished

Notes
Turn   | Place    | Note
-------+----------+-------------------------------------------
     0 | D:5      | flotson the Demonspawn Delver began the quest for the Orb.
     0 | D:5      | Reached XP level 1. HP: 18/18 MP: 1/1
    57 | D:5      | Found Xuon's Antique Weapon Shop.
   184 | D:4      | Found a staircase to the Ecumenical Temple.
   200 | D:4      | Gained mutation: You have a pair of small antennae on your
                  | head. [demonic ancestry]
   200 | D:4      | Reached XP level 2. HP: 9/24 MP: 2/2
   228 | D:4      | Noticed a black bear
   247 | Temple   | Entered the Ecumenical Temple
   253 | Temple   | Became a worshipper of Hepliaklqana the Forgotten
   297 | D:2      | Found Vuarypt's Jewellery Boutique.
   318 | D:2      | Reached skill level 1 in Evocations
   353 | D:2      | Gained mutation: You have a pair of antennae on your head.
                  | [demonic ancestry]
   353 | D:2      | Reached XP level 3. HP: 26/29 MP: 3/3
   548 | D:1      | Reached * piety under Hepliaklqana
   574 | D:1      | Reached skill level 1 in Armour
   637 | D:1      | Found a faded altar of an unknown god.
  1017 | D:1      | Reached skill level 1 in Invocations
  1373 | D:2      | Gained mutation: You have a pair of large antennae on your
                  | head. (SInv) [demonic ancestry]
  1373 | D:2      | Reached XP level 4. HP: 31/31 MP: 4/4
  1392 | D:2      | Reached ** piety under Hepliaklqana
  1393 | D:2      | Remembered your ancestor Cipactli as a battlemage
  1903 | D:3      | Found Ategh's Distillery.
  2277 | D:3      | Found an iron altar of Okawaru.
  2496 | D:4      | Killed a black bear
  2497 | D:4      | Reached skill level 1 in Throwing
  2497 | D:4      | Reached skill level 5 in Stealth
  2497 | D:4      | Gained mutation: A weak demonic guardian rushes to your
                  | aid. [demonic ancestry]
  2497 | D:4      | Reached XP level 5. HP: 27/37 MP: 6/6
  2633 | D:4      | Reached XP level 6. HP: 37/43 MP: 8/8
  2955 | D:5      | Bought a crude mace for 184 gold pieces
  2955 | D:5      | Identified the +6 mace of a Billion Interlopers {venom,
                  | Contam rN+ Int+3 SInv} (You bought it in a shop on level 5
                  | of the Dungeon)
  3009 | D:5      | Found an ornate altar of the Wu Jian Council.
  3075 | D:5      | Found a sparkling altar of Nemelex Xobeh.
  3135 | D:5      | Reached *** piety under Hepliaklqana
  3257 | D:5      | Reached XP level 7. HP: 47/48 MP: 9/9
  3835 | D:6      | Reached skill level 1 in Maces & Flails
  3932 | D:6      | Slain by a gnoll sergeant

Illustrated notes

Levels and vault maps discovered:
D:1:      dpeg_arrival_ratfight, layout_rooms,
          shapermc_ecumenical_altar_totnotflames, serial_co_window_serial,
          co_window_of_opportunity_a, co_window_paths_a, co_window_paths_a,
          co_window_paths_b, co_window_paths_a, co_window_unsneaky_path_a,
          co_window_of_opportunity_b, co_window_cross_2, co_window_paths_c,
          co_window_of_opportunity_b, co_window_paths_e, glass_columns_a,
          minivault_19, st_stairs_3, hex_tiny
D:2:      layout_rooms, serial_shops, nicolae_shop_statue_plus
D:3:      layout_loops_corners, okawaru_altar_gauntlet_db, serial_shops,
          nicolae_shop_advertising_works [nicolae_subvault_shop_adworks],
          serial_aquarium, aquarium_bridge_island_small
          [aquarium_subvault_small_open, aquarium_subvault_wall,
          aquarium_subvault_bridge, aquarium_subvault_bridge,
          aquarium_subvault_wall], aquarium_bridge_long_separate
          [aquarium_subvault_window, aquarium_subvault_bridge,
          aquarium_subvault_balcony, aquarium_subvault_bridge,
          aquarium_subvault_wall, aquarium_subvault_wall], aquarium_window_fake,
          aquarium_window_corner, aquarium_window_1, aquarium_window_fake,
          aquarium_view_2b, aquarium_view_2d
D:4:      minmay_razor_zed, layout_rooms, minmay_temple_entry_glass
D:5:      layout_cave_pools, chequers_temple_overflow_statue_of_worship,
          chequers_serial_rivers_micro_e, minmay_shop_grid_forest
D:6:      layout_loops_cross, pf_just_have_faith,
          nicolae_yredelemnul_ghost_church, mainiacjoe_overflow_six_doors_small,
          serial_shops, shop
Temple:   nicolae_temple_no_exploring_needed

Skill      XL: |  1  2  3  4  5  6  7 |
---------------+----------------------+-----
Dodging        | 2 3 |  3.3
Evocations     | 1 2 3 |  3.1
Armour         | 1 2 |  2.5
Invocations    | 1 2 3 |  3.8
Throwing       | 1 2 |  2.1
Stealth        | 5 |  5.0
Fighting       | 4 |  4.3
Maces & Flails | 1 |  1.0
Axes           | |  1.7

Action                   |  1- 3 |  4- 6 |  7- 9 || total
-------------------------+-------+-------+-------++-------
Melee: Hand axe          |    17 |    21 |       ||    38
       War axe           |    25 |       |       ||    25
       Short sword       |    87 |    70 |       ||   157
       Punch             |     1 |       |     1 ||     2
       Mace              |       |    14 |    15 ||    29
Invok: Ancestor Life: Ba |       |     1 |       ||     1
  Use: Potion            |     2 |       |       ||     2
 Stab: Sleeping          |     5 |     1 |       ||     6
       Distracted        |       |     1 |     2 ||     3
Armor: Leather armour    |    16 |       |       ||    16
       Scale mail        |    44 |    60 |     6 ||   110
Dodge: Dodged            |    71 |    69 |    14 ||   154

Table legend: (Time is in decaauts)
 A = Elapsed time spent in this place.
 B = Non-inter-level travel time spent in this place.
 C = Inter-level travel time spent in this place.
 D = Time resting spent in this place.
 E = Time spent auto-exploring this place.
 F = Levels seen in this place.
 G = Mean time per level.
                   A        B        C        D        E       F      G
               +--------+--------+--------+--------+--------+-----+--------+
         Total |   3943 |   3787 |    156 |    144 |   2852 |   7 |  563.3 |
       Dungeon |   3934 |   3782 |    152 |    144 |   2852 |   6 |  655.7 |
        Temple |      8 |      4 |      4 |      0 |      0 |   1 |    8.0 |
               +--------+--------+--------+--------+--------+-----+--------+

Top non-repeatable levels by time:
     D:4: 986 daAuts
     D:3: 944 daAuts
     D:1: 859 daAuts
     D:5: 728 daAuts
     D:2: 366 daAuts
     D:6: 49 daAuts
  Temple: 8 daAuts
